[Event "ICCopen2017"]
[Site "Internet Chess Club"]
[Date "2017.04.02"]
[Round "7"]
[White "notetengomiedo"]
[Black "anan"]
[Result "1-0"]
[ICCResult "Black forfeits on time"]
[WhiteElo "1898"]
[BlackElo "1597"]
[Opening "Sicilian defense"]
[ECO "B20"]
[NIC "SI.48"]
[Time "20:19:55"]
[TimeControl "180+0"]

1. e4 c5 2. b3 d6 3. Bb2 Nf6 4. Bb5+ Bd7 5. Bxd7+ Nbxd7 6. d3 e6 7. f4 Be7
8. Nf3 O-O 9. O-O Qc7 10. Qe1 b5 11. Nbd2 Rab8 12. Qg3 Nh5 13. Qg4 Nhf6 14.
Qh3 Qb6 15. Kh1 a5 16. a4 c4 17. bxc4 bxa4 18. Bc3 Nc5 19. e5 Nd5 20. exd6
Bxd6 21. cxd5 exd5 22. Bd4 Qc7 23. Qg4 Ne6 24. Be5 Bxe5 25. Nxe5 Qxc2 26.
Ndf3 Rb2 27. f5 Nc5 28. f6 g6 29. Rac1 Qb3 30. Rxc5 Rb1 31. Rcc1 Rxc1 32.
Rxc1 Qb2 33. Qf4 a3 34. Qh6 Qxc1+ 35. Qxc1 Rb8 36. h4 a2 37. Qh6
{Black forfeits on time}
1-0

[Event "ICCopen2017"]
[Site "Internet Chess Club"]
[Date "2017.04.02"]
[Round "7"]
[White "Shadeath"]
[Black "Barbos"]
[Result "1-0"]
[ICCResult "Black forfeits on time"]
[WhiteElo "2731"]
[BlackElo "2422"]
[Opening "QGD: Semi-Tarrasch defense"]
[ECO "D40"]
[NIC "TD.05"]
[Time "20:18:48"]
[TimeControl "180+0"]

1. d4 d5 2. Nf3 e6 3. c4 Nf6 4. Nc3 c5 5. e3 Nc6 6. a3 a6 7. dxc5 Bxc5 8. b4
Ba7 9. Bb2 O-O 10. Be2 d4 11. exd4 Nxd4 12. Nxd4 Bxd4 13. Qc2 e5 14. Rd1 Qe7
15. O-O Be6 16. Na4 Rad8 17. Rfe1 h6 18. Bxd4 exd4 19. Nc5 Bc8 20. Bf3 Qc7
21. Nb3 d3 22. Qc3 Bf5 23. Nc5 b6 24. Nxd3 Rc8 25. c5 Bxd3 26. Qxd3 bxc5 27.
Qxa6 cxb4 28. axb4 Rb8 29. Rb1 Nd7 30. Qc6 Qxc6 31. Bxc6 Nb6 32. b5 Rfd8 33.
Red1 Kf8 34. Kf1 Rxd1+ 35. Rxd1 Ke7 36. Ra1 Kd6 37. Ke2 Kc5 38. Ra7 Rf8 39.
Kf3 Nc4 40. Kf4 Nd6 41. Bd7 Kb6 42. Ra6+ Kc5 43. Rc6+ Kd5 44. Rc1 g5+ 45.
Kg4 f5+ 46. Kh5 Rf6 47. Bc6+ Ke5 48. b6 Ne4 49. Bxe4 fxe4 50. Rb1 Rf8 51. b7
Rb8 52. g3 Kf5 53. Rb5+ Kf6 54. g4 Kg7 55. Rb6 Kf7 56. Kxh6
{Black forfeits on time}
1-0

[Event "ICCopen2017"]
[Site "Internet Chess Club"]
[Date "2017.04.02"]
[Round "7"]
[White "splashlee2010"]
[Black "DaveyJones"]
[Result "1-0"]
[ICCResult "Black forfeits on time"]
[WhiteElo "1277"]
[BlackElo "1496"]
[Opening "Four knights game"]
[ECO "C47"]
[NIC "AL.10"]
[Time "20:19:09"]
[TimeControl "180+0"]

1. e4 Nf6 2. Nc3 e5 3. Nf3 Nc6 4. d3 Bb4 5. Bd2 d6 6. h3 O-O 7. Be2 h6 8.
O-O Be6 9. a3 Ba5 10. b4 Bb6 11. Na4 Re8 12. c4 a5 13. Nxb6 cxb6 14. b5 Ne7
15. a4 Nd7 16. Nh2 Rf8 17. f4 f5 18. fxe5 dxe5 19. Qc2 f4 20. Bf3 g5 21. Ng4
Kg7 22. Bc3 Ng6 23. d4 Bxg4 24. Bxg4 exd4 25. Bxd4+ Nf6 26. e5 Nxg4 27. hxg4
Qxd4+ 28. Kh2 Qxe5 29. Rae1 Qc7 30. Re6 f3+ 31. Kh1 fxg2+ 32. Kxg2 Nf4+ 33.
Rxf4 Rxf4 34. Qg6+ Kf8 35. Qxh6+ Qg7 36. Qxg7+ Kxg7 37. Rxb6 Rd8 38. Rxb7+
Kg6 39. c5 Rd3 40. Re7 Kf6 41. Re2 Rb4 42. c6 Rxg4+ 43. Kf2 Rf4+ 44. Ke1 Ra3
45. Kd2 {Black forfeits on time} 1-0

[Event "ICCopen2017"]
[Site "Internet Chess Club"]
[Date "2017.04.02"]
[Round "7"]
[White "Eigeneier"]
[Black "blunder23"]
[Result "0-1"]
[ICCResult "White forfeits on time"]
[WhiteElo "1720"]
[BlackElo "1524"]
[Opening "QGD: Ragozin variation"]
[ECO "D38"]
[NIC "NI.27"]
[Time "20:18:46"]
[TimeControl "180+0"]

1. d4 d5 2. Nf3 e6 3. c4 Nf6 4. Nc3 Bb4 5. Qa4+ Nc6 6. Bg5 O-O 7. e3 Bxc3+
8. bxc3 h6 9. Bh4 g5 10. Bg3 Ne4 11. Qc2 f5 12. Bd3 Qe7 13. Be5 Nxe5 14.
Nxe5 c6 15. h4 Qg7 16. hxg5 hxg5 17. f3 Ng3 18. Rh3 c5 19. Rxg3 cxd4 20.
cxd4 Bd7 21. Nxd7 Qxd7 22. Rxg5+ Kf7 23. c5 Rh8 24. Kf2 Qe7 25. f4 Kf6 26.
Rb1 Rab8 27. Qe2 Qh7 28. Qf3 Qh4+ 29. Qg3 Qh6 30. Rh1 Qxh1 31. Rg6+ Kf7 32.
Rg7+ Kf8 33. Qg6 Qh4+ 34. Kf1 Qh1+ 35. Ke2 Qh5+ 36. Qxh5 Rxh5 37. Rc7 Rh8
38. Kf3 Rg8 39. Rd7 Rg7 40. Rd6 Ke7 41. a4 Rd8 42. Rxd8 Kxd8 43. Be2 Kc7 44.
Kf2 b6 45. g4 bxc5 46. gxf5 exf5 47. dxc5 Kc6 48. Bb5+ Kxc5 49. Ke2 d4 50.
Kd3 dxe3 51. Kxe3 Rg3+ 52. Kf2 Rg4 53. Ke3 Kb6 54. Kf3 a6 55. Bd7 a5 56.
Bxf5 Rg7 57. Be4 Rf7 58. f5 Rf6 59. Kf4 Kc5 60. Ke5 Rf8 61. f6 Re8+ 62. Kf5
Rf8 63. Bc6 Kd6 {White forfeits on time} 0-1

[Event "ICCopen2017"]
[Site "Internet Chess Club"]
[Date "2017.04.02"]
[Round "7"]
[White "ROWLAND"]
[Black "marabu"]
[Result "0-1"]
[ICCResult "White checkmated"]
[WhiteElo "1518"]
[BlackElo "2090"]
[Opening "Philidor: Improved Hanham variation"]
[ECO "B07"]
[NIC "PU.08"]
[Time "20:20:19"]
[TimeControl "180+0"]

1. e4 d6 2. d4 Nf6 3. Nc3 e5 4. Nf3 Nbd7 5. Bc4 Be7 6. O-O O-O 7. h3 c6 8.
Bg5 b5 9. Be2 b4 10. Na4 Nxe4 11. Bxe7 Qxe7 12. dxe5 Nxe5 13. Nxe5 dxe5 14.
Bf3 Nc5 15. Bxc6 Nxa4 16. Bxa8 Ba6 17. c4 Nxb2 18. Qc2 Nxc4 19. Be4 Na3 20.
Bxh7+ Kh8 21. Qf5 g6 22. Bxg6 fxg6 23. Qxg6 Bxf1 24. Rxf1 Qf6 25. Qh5+ Kg7
26. Qg4+ Qg6 27. Qd7+ Rf7 28. Qd5 Qf6 29. Qe4 Qf4 30. Qd5 Nc4 31. Qb5 Nd2
32. f3 Nxf1 33. Qxf1 Qd4+ 34. Kh1 e4 35. Qe2 exf3 36. gxf3 Qc3 37. Qg2+ Kf8
38. Qg6 Qxf3+ 39. Kh2 Qf2+ 40. Kh1 Qf1+ 41. Kh2 Rf2+ 42. Kg3 Rg2+ 43. Kh4
Rxg6 44. Kh5 Qf5+ 45. Kh4 Qg5# {White checkmated} 0-1

[Event "ICCopen2017"]
[Site "Internet Chess Club"]
[Date "2017.04.02"]
[Round "7"]
[White "TheDonald"]
[Black "lestri"]
[Result "0-1"]
[ICCResult "White checkmated"]
[WhiteElo "2179"]
[BlackElo "2502"]
[Opening "King's pawn opening"]
[ECO "B07"]
[NIC "VO.17"]
[Time "20:20:15"]
[TimeControl "180+0"]

1. e4 d6 2. Nc3 Nf6 3. f4 e5 4. Nf3 exf4 5. Bc4 Nbd7 6. d3 Nb6 7. Bb3 Nh5 8.
O-O g6 9. Ne2 g5 10. Nc3 Bg7 11. h4 h6 12. Nh2 Ng3 13. Rf3 Bd4+ 14. Rf2 Qe7
15. Ne2 Nxe2+ 16. Qxe2 Be6 17. c3 Bxf2+ 18. Qxf2 O-O-O 19. Bc2 Kb8 20. d4 d5
21. e5 f6 22. Nf3 Nd7 23. Bd2 fxe5 24. Nxe5 Nxe5 25. dxe5 c5 26. Re1 Rhf8
27. Qe2 g4 28. Rf1 f3 29. gxf3 gxf3 30. Qf2 Rg8+ 31. Kh1 Rg4 32. Qxf3 Qxh4+
33. Qh3 Qxh3# {White checkmated} 0-1

[Event "ICCopen2017"]
[Site "Internet Chess Club"]
[Date "2017.04.02"]
[Round "7"]
[White "Mandragora"]
[Black "km1515"]
[Result "0-1"]
[ICCResult "White resigns"]
[WhiteElo "1556"]
[BlackElo "2058"]
[Opening "French: exchange variation"]
[ECO "C01"]
[NIC "FR.01"]
[Time "20:18:48"]
[TimeControl "180+0"]

1. e4 e6 2. d4 d5 3. exd5 exd5 4. Nf3 Bg4 5. Bd3 Nc6 6. c3 Qd7 7. h3 Bh5 8.
O-O O-O-O 9. a4 Kb8 10. Bb5 f6 11. a5 a6 12. Ba4 Qd6 13. g4 Bg6 14. Bxc6
Qxc6 15. b4 h5 16. g5 Be4 17. Nbd2 h4 18. Qb3 fxg5 19. Nxg5 Qg6 20. f4 c6
21. c4 dxc4 22. Qxc4 Bd5 23. Qc3 Bd6 24. Nf3 Ne7 25. b5 cxb5 26. Ba3 Bxa3
27. Qxa3 Nc6 28. Ne5 Nxe5 29. dxe5 Rc8 30. Qd6+ Qxd6 31. exd6 Rc2 32. Nf3
Rf8 33. Rad1 Bc6 34. d7 Kc7 35. Rf2 Rxf2 36. Kxf2 Bxd7 37. Rxd7+ Kxd7 38.
Ne5+ Kc7 39. Ke3 Rf6 40. Ke4 Rd6 41. f5 Rd1 42. Kf4 b6 43. axb6+ Kxb6 44.
Kg5 a5 45. Kg6 Rg1+ 46. Kf7 a4 47. Ng6 a3 48. Kxg7 a2 49. f6 a1=Q 50. Kf8
Qxf6+ {White resigns} 0-1

[Event "ICCopen2017"]
[Site "Internet Chess Club"]
[Date "2017.04.02"]
[Round "7"]
[White "NEO2017"]
[Black "Kusox"]
[Result "0-1"]
[ICCResult "White forfeits on time"]
[WhiteElo "1722"]
[BlackElo "2098"]
[Opening "Trompowsky attack (Ruth, Opocenský opening)"]
[ECO "A45"]
[NIC "QP.07"]
[Time "20:18:40"]
[TimeControl "180+0"]

1. d4 Nf6 2. Bg5 Ne4 3. Bf4 d5 4. e3 Nd6 5. Nd2 Bf5 6. c4 dxc4 7. Nxc4 Nxc4
8. Bxc4 e6 9. a3 Nd7 10. Nf3 Nb6 11. Bd3 Bg6 12. h4 Be7 13. h5 Bxd3 14. Qxd3
c5 15. h6 g5 16. Bg3 g4 17. Ne5 cxd4 18. exd4 Qd5 19. Nxg4 Qxg2 20. O-O-O
Rg8 21. Ne5 Rc8+ 22. Kb1 f5 23. Qb5+ Kf8 24. Nd7+ Nxd7 25. Qxd7 Qc6 26. Qxc6
bxc6 27. Be5 Kf7 28. Rhg1 Bg5 29. f4 Bxh6 30. Rh1 Rg6 31. Rh5 Rcg8 32. Ka2
Bg7 33. Rxh7 Rh6 34. Rxh6 Bxh6 35. Rh1 Rg6 36. Kb3 Ke8 37. Kc4 Kd7 38. b4 a6
39. a4 Kc8 40. Kc5 Kb7 41. Bd6 Bg7 42. Rh7 Kc8 43. Be5 Bf8+ 44. Bd6 Bg7 45.
Kxc6 Kd8 46. Rh1 Ke8 47. Rc1 Bxd4 48. Kb7 e5 49. fxe5 Re6 50. Rc8+ Kf7 51.
Rc7+ Kg6 52. Kxa6 f4 53. b5 f3 54. Rc1 f2 55. Rf1 Kf5 56. b6 Bxb6 57. Kxb6
Ke4 58. Kb5 Kd5 59. Bc5 Rxe5 60. Rxf2 Rh5 61. Rd2+ Ke4 62. a5 Kf3 63. Rd3+
Ke2 64. Re3+ Kd2 65. a6 Kc2 {White forfeits on time} 0-1

[Event "ICCopen2017"]
[Site "Internet Chess Club"]
[Date "2017.04.02"]
[Round "7"]
[White "Saniser"]
[Black "Siryk"]
[Result "1-0"]
[ICCResult "Black checkmated"]
[WhiteElo "2261"]
[BlackElo "2727"]
[Opening "Sicilian: Canal-Sokolsky attack, 3...Bd7"]
[ECO "B52"]
[NIC "SI.01"]
[Time "20:19:11"]
[TimeControl "180+0"]

1. e4 c5 2. Nf3 d6 3. Bb5+ Bd7 4. Bxd7+ Nxd7 5. O-O Ngf6 6. Re1 e6 7. c3 Be7
8. d4 cxd4 9. cxd4 d5 10. e5 Ne4 11. Nbd2 Nxd2 12. Bxd2 O-O 13. Rc1 Qb6 14.
b3 Rfc8 15. Be3 h6 16. h4 Ba3 17. Rxc8+ Rxc8 18. h5 Qc6 19. Nh2 Qc2 20. Qf3
Qf5 21. Qxf5 exf5 22. Re2 Nf8 23. g3 Ne6 24. Nf3 Kh7 25. Kg2 g5 26. hxg6+
fxg6 27. Nh4 Be7 28. Nf3 g5 29. Re1 Ba3 30. Re2 f4 31. gxf4 gxf4 32. Bd2 Rc2
33. Kf1 Rxa2 34. Be1 Rxe2 35. Kxe2 b6 36. b4 Kg6 37. Kd3 Bb2 38. Bd2 Kf5 39.
Nh4+ Kg4 40. Ng6 Bxd4 41. Nxf4 Nxf4+ 42. Bxf4 Kxf4 43. Kxd4 Kf5 44. Kxd5 a5
45. e6 axb4 46. e7 b3 47. e8=Q b2 48. Qe4+ Kg5 49. Qb1 Kf4 50. Qxb2 Kf3 51.
Qxb6 h5 52. Qh6 Kxf2 53. Qxh5 Ke3 54. Qh4 Kf3 55. Ke5 Ke3 56. Qg3+ Ke2 57.
Kd4 Kf1 58. Qh2 Ke1 59. Ke3 Kd1 60. Qd2# {Black checkmated} 1-0

[Event "ICCopen2017"]
[Site "Internet Chess Club"]
[Date "2017.04.02"]
[Round "7"]
[White "Assured"]
[Black "lustigbridge"]
[Result "1-0"]
[ICCResult "Black resigns"]
[WhiteElo "2810"]
[BlackElo "1919"]
[Opening "QGD Slav: 4.e3"]
[ECO "D11"]
[NIC "SL.01"]
[Time "20:19:23"]
[TimeControl "180+0"]

1. d4 d5 2. c4 c6 3. Nf3 Nf6 4. e3 e6 5. Bd3 Bd6 6. b3 Nbd7 7. Bb2 a6 8. O-O
b5 9. Nbd2 O-O 10. Qc2 Bb7 11. c5 Bc7 12. Ne5 Re8 13. f4 Nf8 14. Rf3 Ng6 15.
Rh3 a5 16. a3 b4 17. a4 Ba6 18. Nxc6 Qc8 19. Ne5 Bxd3 20. Qxd3 Nd7 21. Rf1
Ndxe5 22. fxe5 Rf8 23. Qe2 Bd8 24. Qh5 h6 25. Qe2 Qa6 26. Qb5 Qxb5 27. axb5
a4 28. bxa4 Rxa4 29. b6 Ne7 30. Ra1 Rxa1+ 31. Bxa1 Nc6 32. Rf3 f6 33. exf6
Bxf6 34. Rf1 Ra8 35. Rb1 e5 36. Nb3 Ra3 37. dxe5 Bxe5 38. Bxe5 Nxe5 39. b7
Nc6 40. Nd4 Nb8 41. c6 Rc3 42. Rxb4 Kh7 43. Ra4 {Black resigns} 1-0

[Event "ICCopen2017"]
[Site "Internet Chess Club"]
[Date "2017.04.02"]
[Round "7"]
[White "SIRPALADIN"]
[Black "alphajet26"]
[Result "1-0"]
[ICCResult "Black forfeits on time"]
[WhiteElo "1874"]
[BlackElo "1702"]
[Opening "QGD Slav: 4.e3"]
[ECO "D11"]
[NIC "SL.01"]
[Time "20:20:05"]
[TimeControl "180+0"]

1. d4 d5 2. c4 c6 3. e3 Nf6 4. Nf3 Bg4 5. Nbd2 e6 6. h3 Bh5 7. Bd3 Bd6 8.
O-O b6 9. b3 Qc7 10. Bb2 Nbd7 11. Qc2 O-O 12. Rac1 Qb8 13. Qb1 Re8 14. Rfe1
e5 15. dxe5 Bxe5 16. Nxe5 Nxe5 17. Bf1 Bg6 18. Qa1 c5 19. cxd5 Nxd5 20. Nc4
f6 21. Nxe5 fxe5 22. Bc4 Rd8 23. e4 b5 24. Bxd5+ Rxd5 25. exd5 Qd6 26. Bxe5
Qxd5 27. Bxg7 c4 28. Bh6 Qf7 29. Qe5 a6 30. bxc4 bxc4 31. Rxc4 Rd8 32. Rc7
Re8 33. Rxf7 Rxe5 34. Rg7+ {Black forfeits on time} 1-0

[Event "ICCopen2017"]
[Site "Internet Chess Club"]
[Date "2017.04.02"]
[Round "7"]
[White "Revolutions"]
[Black "Enemigoalacecho"]
[Result "1-0"]
[ICCResult "Black forfeits on time"]
[WhiteElo "1872"]
[BlackElo "2243"]
[Opening "English: symmetrical, Benoni formation"]
[ECO "A31"]
[NIC "EO.46"]
[Time "20:18:49"]
[TimeControl "180+0"]

1. d4 Nf6 2. c4 c5 3. Nf3 cxd4 4. Nxd4 b6 5. g3 Bb7 6. Nf3 e6 7. Bg2 Bb4+ 8.
Bd2 Qe7 9. O-O O-O 10. Bg5 h6 11. Bf4 Nh5 12. Be3 Bc5 13. Bxc5 Qxc5 14. b3
Nf6 15. Nc3 Na6 16. Rc1 Qh5 17. h3 Rfd8 18. Qd6 Ne8 19. Qf4 Nc5 20. b4 Na6
21. a3 d6 22. Rfd1 Nac7 23. Ne4 Qg6 24. Nxd6 Nxd6 25. Rxd6 Ne8 26. Rxd8 Rxd8
27. Nh4 Qg5 28. Bxb7 Qh5 29. Bf3 Qg5 30. Qxg5 hxg5 31. Ng2 f5 32. c5 bxc5
33. bxc5 Nc7 34. e3 e5 35. Bh5 e4 36. Bg6 Rf8 37. h4 Rf6 38. h5 Rc6 39. g4
fxg4 40. Bxe4 Ra6 41. Bg6 Kf8 42. Rd1 Ke7 43. e4 Ne6 44. Ne3 Nxc5 45. Nxg4
Rxa3 46. e5 Ne6 47. Ne3 Nf4 48. Nf5+ Ke6 49. Nxg7+ Kxe5 50. h6 Kf6 51. h7
Kxg7 52. Be4 Rh3 53. Bg2 Nxg2 54. Kxg2 Rxh7 55. Rd7+ Kg6 56. Rd6+ Kh5 57.
Rd5 Re7 58. Ra5 Re4 59. Rxa7 Rg4+ 60. Kf1 Rf4 61. Ra8 Kg4 62. Rh8 Rc4 63.
Rh2 Rc1+ 64. Ke2 Rc2+ 65. Kd3 Rb2 66. Ke4 Rb4+ 67. Ke3 Rb3+ 68. Ke4 Rb4+ 69.
Ke3 Rb3+ 70. Ke2 Rb2+ 71. Kf1 Rb1+ 72. Kg2 Rb3 73. Rh8 Rb4 74. Rf8 Rf4 75.
Rxf4+ gxf4 76. f3+ Kf5 77. Kf2 Ke5 78. Ke2 Kd4 79. Kf2 Kc4 80. Ke2 Kc3 81.
Ke1 Kc2 82. Ke2 {Black forfeits on time} 1-0

[Event "ICCopen2017"]
[Site "Internet Chess Club"]
[Date "2017.04.02"]
[Round "7"]
[White "volver"]
[Black "ElMarginal"]
[Result "1-0"]
[ICCResult "Black forfeits on time"]
[WhiteElo "1320"]
[BlackElo "1369"]
[Opening "Queen's pawn game"]
[ECO "D04"]
[NIC "QP.06"]
[Time "20:19:00"]
[TimeControl "180+0"]

1. d4 Nf6 2. Nf3 d5 3. e3 Nc6 4. c3 Bg4 5. h3 Bh5 6. Nbd2 e6 7. c4 Bb4 8.
Qb3 Bxf3 9. gxf3 b6 10. a3 Bd6 11. Qa4 Qd7 12. cxd5 Nxd5 13. Bb5 Nde7 14. e4
a6 15. d5 exd5 16. exd5 O-O 17. dxc6 Qe6+ 18. Be2 Nd5 19. Kf1 Nf4 20. Qe4
Qf6 21. Bd3 g6 22. Nc4 Rfe8 23. Nxd6 cxd6 24. Qxf4 Qg7 25. Rb1 f5 26. b4 Qc3
27. Qxd6 Rad8 28. Bb2 Qxd3+ 29. Qxd3 Rxd3 30. Kg2 Re2 31. Rhf1 Rdd2 32. Bf6
Kf7 33. Bg5 Rb2 34. Rxb2 Rxb2 35. c7 Rc2 36. Rc1 Rxc1 37. Bxc1
{Black forfeits on time}
1-0

[Event "ICCopen2017"]
[Site "Internet Chess Club"]
[Date "2017.04.02"]
[Round "7"]
[White "BronStorm"]
[Black "marjose"]
[Result "1-0"]
[ICCResult "Black forfeits on time"]
[WhiteElo "1943"]
[BlackElo "1745"]
[Opening "Scotch: Schmidt variation"]
[ECO "C45"]
[NIC "SO.04"]
[Time "20:18:52"]
[TimeControl "180+0"]

1. e4 e5 2. Nf3 Nc6 3. d4 exd4 4. Nxd4 Nf6 5. Nc3 Bb4 6. Nxc6 bxc6 7. Bd3 h6
8. O-O d6 9. h3 O-O 10. f4 Bb7 11. Qf3 c5 12. Re1 Re8 13. Bd2 Qd7 14. a3 Ba5
15. g4 Nh7 16. Rad1 Qe7 17. Nd5 Bxd5 18. Bxa5 Bc6 19. Qg3 Qd7 20. Bc3 Nf6
21. e5 Nd5 22. Bd2 Bb7 23. c4 Ne7 24. Bc3 d5 25. f5 d4 26. Bd2 Nc6 27. Bf4
Qe7 28. Be4 Rad8 29. Bd5 Qf8 30. e6 fxe6 31. fxe6 Kh8 32. Rf1 Qe7 33. g5 Rf8
34. gxh6 Rxf4 35. Rxf4 gxh6 36. Rf7 Rg8 37. Qxg8+ Kxg8 38. Rxe7
{Black forfeits on time}
1-0

[Event "ICCopen2017"]
[Site "Internet Chess Club"]
[Date "2017.04.02"]
[Round "7"]
[White "SurferRosa"]
[Black "charlestehace"]
[Result "0-1"]
[ICCResult "White resigns"]
[WhiteElo "2599"]
[BlackElo "2833"]
[Opening "Queen's pawn: Yusupov-Rubinstein system"]
[ECO "A46"]
[NIC "QP.06"]
[Time "20:18:57"]
[TimeControl "180+0"]

1. d4 Nf6 2. Nf3 e6 3. e3 b6 4. Bd3 Bb7 5. O-O Be7 6. c4 c5 7. Nc3 cxd4 8.
exd4 d5 9. cxd5 Nxd5 10. Ne5 O-O 11. Qg4 Nf6 12. Qh3 Qxd4 13. Bg5 h6 14.
Bxf6 Bxf6 15. Ng4 Be7 16. Rad1 Qf4 17. Ne2 Qg5 18. f4 Qc5+ 19. Kh1 f5 20.
Ne5 b5 21. Ng6 Rf7 22. Rc1 Qb6 23. Ng3 Nd7 24. Rfe1 Bf6 25. Nh5 a6 26. Nxf6+
Nxf6 27. Ne5 Rc7 28. Qg3 Rxc1 29. Rxc1 Bd5 30. b3 Qb7 31. h3 Rc8 32. Rxc8+
Qxc8 33. Kh2 Qe8 34. Qe3 Qd8 35. Qa7 Qa8 36. Qf7+ Kh7 37. Qg6+ Kg8 38. Qf7+
Kh7 39. Qg6+ Kg8 40. Nf7 Qe8 41. Nxh6+ Kf8 42. Qg5 Qe7 43. Nxf5 exf5 44.
Bxf5 Be6 45. Bd3 Qd6 46. Be2 Bf7 47. Bf3 Nd5 48. g3 Nf6 49. h4 Qd2+ 50. Kh3
Be6+ 51. g4 Qe3 52. Kg3 Bxg4 53. Qc5+ Qxc5 {White resigns} 0-1

[Event "ICCopen2017"]
[Site "Internet Chess Club"]
[Date "2017.04.02"]
[Round "7"]
[White "Chamanx"]
[Black "Strider25"]
[Result "0-1"]
[ICCResult "White checkmated"]
[WhiteElo "1389"]
[BlackElo "1806"]
[Opening "Sicilian: Hungarian variation"]
[ECO "B27"]
[NIC "SI.43"]
[Time "20:19:50"]
[TimeControl "180+0"]

1. e4 c5 2. Nf3 g6 3. d4 Bg7 4. Nc3 Qa5 5. Bd2 cxd4 6. Nd5 Qd8 7. Bf4 d6 8.
Bb5+ Nc6 9. O-O e5 10. Bg5 f6 11. Bh4 a6 12. Bxc6+ bxc6 13. Nb4 Qb6 14. Nd3
Be6 15. a4 Nh6 16. a5 Qb7 17. Nd2 Nf7 18. f4 O-O 19. f5 gxf5 20. exf5 Bd5
21. Qg4 Kh8 22. Qh5 c5 23. Ne1 Qe7 24. g4 Ng5 25. Bxg5 fxg5 26. Ndf3 h6 27.
Ng2 Kg8 28. Ngh4 gxh4 29. Nxh4 Qg5 30. Qxg5 hxg5 31. Ng6 Rfe8 32. f6 Bh6 33.
Ne7+ Rxe7 34. fxe7 Re8 35. Rf6 Bg7 36. Rxd6 Rxe7 37. Rxd5 Rc7 38. Rf1 c4 39.
Rf5 e4 40. Rxg5 d3 41. Rd8+ Kh7 42. Rh5+ Kg6 43. Rd6+ Bf6 44. cxd3 exd3 45.
Rhd5 Kf7 46. Rd7+ Rxd7 47. Rxd7+ Ke6 48. g5 Kxd7 49. gxf6 d2 50. f7 Ke7 51.
Kf2 d1=Q 52. f8=Q+ Kxf8 53. h4 Qd4+ 54. Kf3 Qxb2 55. Kf4 Qf6+ 56. Kg3 c3 57.
Kg2 c2 58. Kg1 c1=Q+ 59. Kg2 Qcc3 60. Kh1 Qd6 61. Kg2 Qdd2+ 62. Kh1 Qcc1#
{White checkmated}
0-1

[Event "ICCopen2017"]
[Site "Internet Chess Club"]
[Date "2017.04.02"]
[Round "7"]
[White "carpedef"]
[Black "Salvatore"]
[Result "1-0"]
[ICCResult "Black resigns"]
[WhiteElo "1768"]
[BlackElo "1449"]
[Opening "Sicilian defense"]
[ECO "B30"]
[NIC "SI.31"]
[Time "20:18:51"]
[TimeControl "180+0"]

1. e4 c5 2. Nf3 Nc6 3. d3 Nf6 4. g3 e6 5. Bg2 Be7 6. O-O O-O 7. Re1 d6 8. c3
b5 9. d4 cxd4 10. cxd4 Rb8 11. a3 a5 12. Qe2 b4 13. e5 Nd5 14. h4 Qb6 15.
Rd1 Ba6 16. Qd2 dxe5 17. dxe5 Rfc8 18. a4 b3 19. Qe1 Ncb4 20. Na3 Nc2 21.
Nxc2 Rxc2 22. Nd4 Bb4 23. Qe4 Rcc8 24. Bg5 Rc4 25. Bf1 Rcc8 26. Bxa6 Qxa6
27. h5 Rc4 28. h6 g6 29. Be3 Bf8 30. Qf3 Rbc8 31. Rac1 Rxc1 32. Rxc1 Rxc1+
33. Bxc1 Qc4 34. Be3 Qd3 35. Ne2 Bxh6 36. Nf4 Qb1+ 37. Kg2 Nxf4+ 38. gxf4
Bg7 39. Qa8+ Bf8 40. Bc5 Qe4+ 41. Qxe4 Kg7 42. Bxf8+ Kxf8 43. Qa8+ Kg7 44.
Qxa5 h5 45. Qb4 h4 46. Qxb3 Kh6 47. Kh3 g5 48. fxg5+ Kxg5 49. Qf3 Kg6 50.
Qf6+ Kh7 51. Qxf7+ Kh6 52. Qxe6+ Kh7 53. Kxh4 Kh8 54. Qd7 Kg8 55. a5 Kf8 56.
a6 Kg8 57. a7 {Black resigns} 1-0

[Event "ICCopen2017"]
[Site "Internet Chess Club"]
[Date "2017.04.02"]
[Round "7"]
[White "TennKid84"]
[Black "Jude"]
[Result "1-0"]
[ICCResult "Black forfeits on time"]
[WhiteElo "1770"]
[BlackElo "1888"]
[Opening "Queen's pawn: Yusupov-Rubinstein system"]
[ECO "A46"]
[NIC "QP.06"]
[Time "20:19:16"]
[TimeControl "180+0"]

1. d4 Nf6 2. Nf3 e6 3. e3 c5 4. Bd3 b6 5. c3 Ba6 6. O-O Bxd3 7. Qxd3 Be7 8.
Nbd2 O-O 9. e4 d5 10. e5 Nfd7 11. Re1 Nc6 12. Nf1 cxd4 13. cxd4 a6 14. a3 b5
15. Bd2 Nb6 16. b3 Rc8 17. Rec1 Qd7 18. Rc2 Na7 19. Rac1 Rxc2 20. Rxc2 Rc8
21. Ba5 Qb7 22. Bxb6 Qxb6 23. Rxc8+ Nxc8 24. Qc3 Qb7 25. a4 bxa4 26. bxa4
Nb6 27. N1d2 Qc8 28. Qb3 Qc7 29. g3 h6 30. Kf1 Qc1+ 31. Ke2 Qc6 32. a5 Nd7
33. Ne1 Bd8 34. Qa3 Qb5+ 35. Nd3 Bxa5 36. Qe7 Bxd2 37. Kxd2 a5 38. Qe8+ Kh7
39. Qxf7 Qc6 40. Qe8 a4 41. Nc5 a3 42. Kc2 a2 43. Kb2 Nxc5 44. Qxc6 Ne4 45.
Kxa2 Nxf2 46. Qxe6 Ne4 47. Qf5+ {Black forfeits on time} 1-0

[Event "ICCopen2017"]
[Site "Internet Chess Club"]
[Date "2017.04.02"]
[Round "7"]
[White "MATEPROOF"]
[Black "Unico"]
[Result "0-1"]
[ICCResult "White resigns"]
[WhiteElo "2002"]
[BlackElo "2410"]
[Opening "Queen's Indian: old main line, 9.Qxc3"]
[ECO "E19"]
[NIC "QI.13"]
[Time "20:19:36"]
[TimeControl "180+0"]

1. Nf3 Nf6 2. c4 b6 3. g3 Bb7 4. Bg2 e6 5. O-O Be7 6. d4 O-O 7. Nc3 Ne4 8.
Qd3 Nxc3 9. Qxc3 c5 10. dxc5 bxc5 11. Be3 d6 12. Rfd1 Qc7 13. Rab1 Be4 14.
Rbc1 Nc6 15. a3 Rab8 16. Bg5 Bxf3 17. Bxe7 Qxe7 18. Bxf3 Nd4 19. b4 a5 20.
b5 Qf6 21. Kg2 a4 22. Be4 Nxe2 23. Qxf6 gxf6 24. Rc2 Nd4 25. Rb2 Rb6 26. f4
f5 27. Bf3 Kg7 28. Kf2 Kf6 29. Ke3 Rd8 30. Rxd4 cxd4+ 31. Kxd4 Rc8 32. Rb4
e5+ 33. Kc3 e4 34. Be2 d5 35. Kd4 dxc4 36. Bxc4 Rd6+ 37. Kc3 Rd3+ 38. Kb2
Rd2+ 39. Kc3 e3 40. b6 Rdd8 41. b7 e2 42. bxc8=Q e1=Q+ {White resigns} 0-1

[Event "ICCopen2017"]
[Site "Internet Chess Club"]
[Date "2017.04.02"]
[Round "7"]
[White "BenkoChess"]
[Black "mvillalba"]
[Result "0-1"]
[ICCResult "White forfeits on time"]
[WhiteElo "1821"]
[BlackElo "2135"]
[Opening "English opening"]
[ECO "A05"]
[NIC "QP.11"]
[Time "20:18:52"]
[TimeControl "180+0"]

1. Nf3 Nf6 2. c4 g6 3. Nc3 c5 4. d4 cxd4 5. Nxd4 Bg7 6. e4 O-O 7. Be2 Nc6 8.
Be3 d6 9. O-O Nxd4 10. Bxd4 Bd7 11. f4 Bc6 12. Bd3 Nd7 13. Bxg7 Kxg7 14. Qd2
a5 15. Rae1 e5 16. f5 f6 17. fxg6 hxg6 18. Re3 Nc5 19. Rg3 Ne6 20. Nd5 Bxd5
21. exd5 Nf4 22. Rxf4 exf4 23. Rxg6+ Kf7 24. Rh6 Qb6+ 25. Kf1 Qe3 26. Qxe3
fxe3 27. Rh7+ Kg8 28. Ke2 Rf7 29. Rh5 Re7 30. Bf5 Re5 31. Be6+ Kg7 32. Rh4
Rh8 33. Rg4+ Kf8 34. h3 a4 35. b4 a3 36. c5 dxc5 37. bxc5 f5 38. Rb4 Ke7 39.
Rxb7+ Kf6 40. Rf7+ Kg5 41. c6 Kh4 42. Rg7 f4 43. c7 Kh5 44. Rh7+ Rxh7 45.
c8=Q Kg5 46. Qd8+ Kh6 47. Qg8 Rg5 48. Qf8+ Rhg7 49. Qxf4 Kh7 50. Bf5+ Kg8
51. d6 Rxg2+ 52. Kxe3 R2g3+ 53. Ke4 Rg1 54. Be6+ Kh7 55. Qh4+ Kg6 56. Bf5+
Kf7 57. Qh5+ Kf6 58. d7 Re1+ 59. Kd5 Rxd7+ {White forfeits on time} 0-1

[Event "ICCopen2017"]
[Site "Internet Chess Club"]
[Date "2017.04.02"]
[Round "7"]
[White "Ricardov"]
[Black "LevAbramovich"]
[Result "0-1"]
[ICCResult "White resigns"]
[WhiteElo "2252"]
[BlackElo "2075"]
[Opening "Giuoco Piano"]
[ECO "C54"]
[NIC "IG.02"]
[Time "20:20:06"]
[TimeControl "180+0"]

1. e4 e5 2. Nf3 Nc6 3. Bc4 Bc5 4. c3 Nf6 5. d3 d6 6. Bb3 a6 7. h3 Ba7 8.
Nbd2 O-O 9. Nf1 Re8 10. Ng3 Be6 11. Bc2 h6 12. Qe2 d5 13. Bd2 dxe4 14. dxe4
b5 15. b3 b4 16. cxb4 Nd4 17. Nxd4 Bxd4 18. Rd1 Qe7 19. O-O c5 20. bxc5 Qxc5
21. Bd3 a5 22. Rc1 Qa3 23. Bc4 Qxa2 24. Bxe6 Rxe6 25. b4 axb4 26. Bxb4 Qxe2
27. Nxe2 Nxe4 28. Nxd4 exd4 29. Rcd1 Rd8 30. Rd3 Re5 31. Rfd1 Red5 32. f3
Ng5 33. Be7 R8d7 34. Bxg5 hxg5 35. Kf2 f6 36. Kg3 Kf7 37. f4 gxf4+ 38. Kxf4
g5+ 39. Ke4 f5+ 40. Kf3 Kf6 41. Rc1 R5d6 42. Rc5 f4 43. Kg4 Rd5 44. Rc6+ Ke5
45. Kxg5 Ke4+ {White resigns} 0-1